 Dungeon Crawl Stone Soup version 0.20-a0-903-g7e3609c (webtiles) character file.

731 joejoepie the Ogre Mage (level 7, 0/68 HPs)
             Began as an Ogre Fire Elementalist on Mar 20, 2017.
             Was an Initiate of Sif Muna.
             Shot with an arrow by a centaur (10 damage)
             ... on level 5 of the Dungeon.
             The game lasted 00:34:01 (5535 turns).

joejoepie the Ogre Mage (Ogre Fire Elementalist)    Turns: 5535, Time: 00:34:01

Health: 0/68       AC:  4    Str: 14    XL:     7   Next: 73%
Magic:  14/14      EV: 10    Int: 17    God:    Sif Muna [......]
Gold:   196        SH:  0    Dex:  9    Spells: 5/15 levels left

rFire    . . .     SeeInvis .   a - +0 mace
rCold    . . .     Gourm    .   h - +0 robe
rNeg     . . .     Faith    .   (no shield)
rPois    .         Spirit   .   (helmet restricted)
rElec    .         Reflect  .   p - +0 cloak (curse)
rCorr    .         Harm     .   (gloves unavailable)
MR       .....                  (boots unavailable)
Stlth    ++........             (no amulet)
Regen    0.3/turn               (no ring)
MPRegen  0.2/turn               (no ring)

@: no status effects
A: unfitting armour, tough skin 1
a: Renounce Religion


You were on level 5 of the Dungeon.
You worshipped Sif Muna.
Sif Muna was noncommittal.
You were not hungry.

You visited 2 branches of the dungeon, and saw 6 of its levels.

You collected 196 gold pieces.

Inventory:

Hand Weapons
 a - a +0 mace (weapon)
 d - a +0 short sword
Missiles
 e - 138 stones (quivered)
 k - 7 needles of confusion
 o - 3 tomahawks
Armour
 h - a +0 robe (worn)
 p - a cursed +0 cloak (worn)
Wands
 n - a wand of paralysis (8/24)
Scrolls
 c - 2 scrolls of identify
 l - a scroll of recharging
 r - a scroll of teleportation
Potions
 q - a potion of flight
Books
 b - a book of Flames

   Spells                             Type                      Level
   a - Flame Tongue                   Conjuration/Fire             1
   b - Throw Flame                    Conjuration/Fire             2
   c - Conjure Flame                  Conjuration/Fire             3
   d - Inner Flame                    Hexes/Fire                   3
   e - Sticky Flame                   Conjuration/Fire             4
   f - Fireball                       Conjuration/Fire             5
Comestibles
 g - 3 bread rations
 i - 2 meat rations
 j - a royal jelly


   Skills:
 * Level 3.8 Fighting
 * Level 2.7 Maces & Flails
 + Level 2.5 Dodging
 + Level 2.0 Stealth
 + Level 4.7 Spellcasting
 + Level 2.8 Conjurations
 + Level 4.4 Fire Magic


You had 5 spell levels left.
You knew the following spells:

 Your Spells              Type           Power        Failure   Level  Hunger
a - Flame Tongue          Conj/Fire      ###..        3%          1    None
b - Throw Flame           Conj/Fire      ###...       6%          2    #......
c - Conjure Flame         Conj/Fire      ###.....     12%         3    ###....
d - Sticky Flame          Conj/Fire      ###.....     38%         4    ####...


Dungeon Overview and Level Annotations

Branches:
Dungeon (5/15)             Temple (1/1) D:4

Altars:
Ashenzari
Cheibriados
Nemelex Xobeh
Qazlal
Ru
Sif Muna
Trog
Xom
The Shining One

Annotations:
D:5 anet's ghost, novice DEWz


Innate Abilities, Weirdness & Mutations

You are too large for most types of armour.
You have tough skin. (AC +1)


Message History

You closely miss the crimson imp.
The crimson imp is moderately wounded.
The centaur wields a shortbow.
The centaur shoots an arrow.
The arrow closely misses you.
The crimson imp hits you but does no damage.
The centaur shoots an arrow.
The arrow hits you!
The crimson imp hits you but does no damage.
You hit the crimson imp.
The crimson imp is lightly wounded.
The centaur shoots an arrow.
The arrow hits you! The crimson imp hits you.
The centaur shoots an arrow.
The arrow hits you.
The crimson imp hits you but does no damage.
The centaur shoots an arrow.
The arrow hits you!
You see here 2 arrows.
The centaur shoots an arrow.
The arrow hits you!
* * * LOW HITPOINT WARNING * * *
There is a stone staircase leading up here.
You see here an arrow.
The centaur shoots an arrow.
The arrow hits you!
You die...

.##.##'## ....#
.##W#...#.# ##.#.### #
.##/......# ...... .#
.##.......#. #.#.##..#
##§..........#....#..#
.§...................#
##.............(..#..#
##.......##.#.#5##
##.....###.#.#@#
#...## #.(.......#
#'## ###......## .#
###.#### # #.# #c# #.#
#.#


You could see a centaur and a crimson imp.

Vanquished Creatures
  A sky beast (D:5)
  2 ogres
  A phantom (D:4)
  A gnoll shaman (D:3)
  A hound (D:4)
  2 orc priests
  2 orc wizards
  A worker ant (D:4)
  7 adders
  3 gnolls
  3 oozes
  3 worms
  3 dart slugs
  5 leopard geckos
  7 orcs
  2 giant cockroaches
  2 hobgoblins
  7 jackals
  A quokka (D:4)
  A ball python skeleton (D:4)
  6 bats
  2 frilled lizards
  8 goblins
  8 kobolds
  A quokka skeleton (D:4)
  4 rats
84 creatures vanquished.

Vanquished Creatures (others)
  A leopard gecko (D:5)
  3 jackals (D:4)
4 creatures vanquished.

Grand Total: 88 creatures vanquished

Notes
Turn   | Place    | Note
-------+----------+-------------------------------------------
     0 | D:1      | joejoepie the Ogre Fire Elementalist began the quest for the Orb.
     0 | D:1      | Reached XP level 1. HP: 16/16 MP: 3/3
   600 | D:1      | Reached XP level 2. HP: 24/24 MP: 3/5
   631 | D:1      | Learned a level 2 spell: Throw Flame
  1111 | D:2      | Reached skill level 1 in Conjurations
  1111 | D:2      | Reached XP level 3. HP: 27/31 MP: 1/7
  1411 | D:2      | Learned a level 3 spell: Conjure Flame
  1529 | D:2      | Reached XP level 4. HP: 36/40 MP: 2/8
  1569 | D:2      | Found a shattered altar of Ashenzari.
  1864 | D:2      | Reached skill level 1 in Fighting
  2150 | D:2      | Found a deep blue altar of Sif Muna.
  2161 | D:2      | Became a worshipper of Sif Muna the Loreminder
  2625 | D:3      | Reached skill level 1 in Maces & Flails
  2625 | D:3      | Reached XP level 5. HP: 48/48 MP: 0/9
  3724 | D:4      | Reached XP level 6. HP: 55/57 MP: 4/11
  4053 | D:4      | Found a sacrificial altar of Ru.
  4153 | D:4      | Found a staircase to the Ecumenical Temple.
  4162 | Temple   | Entered the Ecumenical Temple
  4345 | D:4      | Found a shimmering altar of Xom.
  4347 | D:4      | Found a sparkling altar of Nemelex Xobeh.
  4356 | D:4      | Paralysed by an orc for 5 turns
  4542 | D:5      | Entered Level 5 of the Dungeon
  4547 | D:5      | Reached XP level 7. HP: 67/67 MP: 9/13
  4837 | D:5      | Noticed anet's ghost (novice DEWz)
  4993 | D:4      | Reached * piety under Sif Muna
  4999 | D:4      | Learned a level 4 spell: Sticky Flame
  5127 | D:5      | HP: 3/68 [anet's ghost/magic dart (4)]
  5535 | D:5      | Shot with an arrow by a centaur

Vault maps used:
D:1:      dpeg_arrival_arbitrary_a
D:2:      lemuel_round_altar, marbit_many_paths, first_bread
D:4:      kennysheep_little_box, minitemple, lemuel_temple_firewalk_b,
          minmay_hedge_maze, minivault_23, minmay_misc_feat_encased
Temple:   jpeg_temple_alley_garden

Skill      XL: |  1  2  3  4  5  6  7 |
---------------+----------------------+-----
Dodging        | 2 |  2.5
Fire Magic     | 3 4 |  4.4
Conjurations   | 1 2 |  2.8
Spellcasting   | 3 4 |  4.7
Fighting       | 1 3 |  3.8
Maces & Flails | 1 2 |  2.7
Stealth        | 2 |  2.0

Action                   |  1- 3 |  4- 6 |  7- 9 || total
-------------------------+-------+-------+-------++-------
Melee: Short sword       |    19 |       |       ||    19
       Unarmed           |     7 |       |       ||     7
       Mace              |     9 |    56 |    66 ||   131
 Cast: Flame Tongue      |    42 |    64 |    25 ||   131
       Throw Flame       |     8 |    41 |    10 ||    59
       Conjure Flame     |       |       |     1 ||     1
       Sticky Flame      |       |       |     1 ||     1
  Use: Potion            |     5 |     4 |     2 ||    11
       Scroll            |       |     9 |       ||     9
  Eat: Bread ration      |     1 |     1 |       ||     2
       Chunk             |       |     6 |     2 ||     8
       Meat ration       |       |       |     1 ||     1
Armor: Robe              |    18 |    11 |    30 ||    59
Dodge: Dodged            |    39 |    39 |    30 ||   108
